 Dungeon Crawl Stone Soup version 0.30.1-11-g7821555f0a (webtiles) character file.

Game seed: 17272953031931479463

186 PaiMei the Grave Robber (level 5, -1/35 HPs)
             Began as a Demonspawn Necromancer on Jan 12, 2024.
             Slain by an adder (2 damage)
             ... on level 3 of the Dungeon.
             The game lasted 00:03:03 (3326 turns).

PaiMei the Grave Robber (Demonspawn Necromancer)    Turns: 3326, Time: 00:03:04

Health: -1/35      AC:  3    Str:  8    XL:     5   Next: 38%
Magic:  1/9        EV: 13    Int: 18    God:
Gold:   187        SH:  4    Dex: 14    Spells: 6/10 levels left

rFire   . . .        h - +0 rapier
rCold   . . .        (no shield)
rNeg    . . .        a - +0 robe
rPois   .            (no helmet)
rElec   .            (no cloak)
rCorr   .            (no gloves)
SInv    .            o - +0 pair of boots
Will    .....        (no amulet)
Stlth   ++           (no ring)
HPRegen 0.25/turn    (no ring)
MPRegen 0.11/turn

%: no passive effects
@: flying
A: large bone plates 1, ignite blood 1, weakness stinger 1
a: no special abilities


You were on level 3 of the Dungeon.
You visited 1 branch of the dungeon, and saw 3 of its levels.

You collected 187 gold pieces.

Inventory:

Hand Weapons
 e - a +0 dagger
 h - a +0 rapier (weapon)
Armour
 a - a +0 robe (worn)
 m - a scarf of invisibility
 o - a +0 pair of boots (worn)
Magical Staves
 n - a staff of death
Scrolls
 c - a scroll of fog {unknown}
 g - a scroll of silence {unknown}
 i - a scroll of enchant armour {unknown}
 j - a scroll of identify {unknown}
 k - a scroll of enchant weapon {unknown}
 l - a scroll of vulnerability {unknown}
 p - a scroll of poison {unknown}
 r - a scroll of teleportation {unknown}
Potions
 b - a potion of magic
 f - a potion of curing {unknown}
 q - a potion of attraction {unknown}


   Skills:
 + Level 3.0 Dodging
 + Level 3.1 Stealth
 + Level 3.1 Spellcasting
 + Level 5.2 Necromancy


You had 6 spell levels left.
You knew the following spells:

 Your Spells              Type           Power      Damage    Failure   Level
a - Necrotise             Necr           84%        1d8       1%          1
b - Vampiric Draining     Necr           21%        2d7       5%          3

Your spell library contained the following spells:

 Spells                   Type           Power      Damage    Failure   Level
 Animate Dead             Necr           21%        N/A       19%         4
 Inner Flame              Hex/Fire       2%         N/A       43%         3
 Agony                    Necr           21%        N/A       45%         5
 Yara's Violent Unravell  Hex/Tmut       1%         3d3       99%         5
 Enfeeble                 Hex            1%         N/A       100%        7


Dungeon Overview and Level Annotations

Branches:
Dungeon (3/15)

Altars:


Innate Abilities, Weirdness & Mutations

You are partially covered in large bone plates. (SH +4)
Your demonic aura sometimes causes spilled blood to erupt in flames.
You have a small tail.


Message History

You don't have enough magic to cast this spell.
You feel sick.
Your adder skeleton bites the adder.
Your orc skeleton barely misses the adder.
Casting: Necrotise (safe; 1% risk of failure)
Confirm with . or Enter, or press ? or * to list all spells.
You don't have enough magic to cast this spell.
You hit the adder but do no damage.
The adder is lightly wounded.
You feel sick. The adder barely misses you.
Your orc skeleton closely misses the adder.
The adder barely misses you.
Your adder skeleton closely misses the adder.
You closely miss the adder.
The adder is lightly wounded.
You feel sick. The adder bites you.
* * * LOW HITPOINT WARNING * * *
Your orc skeleton misses the adder.
Your adder skeleton closely misses the adder.
You closely miss the adder. You tail-slap the adder.
The adder is lightly wounded.
* * * LOW HITPOINT WARNING * * *
You feel sick. The adder bites you but does no damage.
Your adder skeleton closely misses the adder.
Your orc skeleton barely misses the adder.
The adder bites you but does no damage.
You closely miss the adder. You tail-slap the adder.
The adder is heavily wounded.
* * * LOW HITPOINT WARNING * * *
You feel sick.
Your adder skeleton bites the adder but does no damage.
The adder closely misses you.
Your orc skeleton misses the adder.
Your adder skeleton misses the adder.
It was a potion of flight.
You feel very buoyant.
You fly up into the air.
* * * LOW HITPOINT WARNING * * *
You feel sick.
You are no longer poisoned.
The adder bites you.
You die...

..#...#####.# #...
.......^....# #...
##......#### #...
###### ##.#).....# ####
# #..... ####.###.# ..
#....### ##.#..# # ...
#..#..####.....## ....
#...)Z........#
.....##)...ZS@......#
....#..#..#.#..........
..#....######..#..#.##
#......S..?#####.#.#
############ .#.# .#


You could see an adder (ally target), a friendly adder skeleton and a friendly
orc skeleton.

Vanquished Creatures
  A scorpion (D:3)
  A gnoll (D:1)
  7 adders
  A worm (D:3)
  A dart slug (D:2)
  2 orcs (D:3)
  3 bats
  4 endoplasms
  A giant cockroach (D:1)
  4 goblins
  4 kobolds
  3 quokkas
  6 ball pythons
  A frilled lizard (D:2)
  3 rats
42 creatures vanquished.

Vanquished Creatures (collateral kills)
  A worm (D:2)
  2 orcs (D:3)
3 creatures vanquished.

Grand Total: 45 creatures vanquished

Notes
Turn   | Place    | Note
-------+----------+-------------------------------------------
     0 | D:1      | PaiMei the Demonspawn Necromancer began the quest for the
                  | Orb.
     0 | D:1      | Reached XP level 1. HP: 13/13 MP: 3/3
   414 | D:1      | Gained mutation: You are partially covered in large bone
                  | plates. (SH +4) [demonic ancestry]
   414 | D:1      | Reached XP level 2. HP: 19/19 MP: 3/5
  1077 | D:1      | Found a faded altar of an unknown god.
  1354 | D:2      | Gained mutation: You have a small tail. [demonic ancestry]
  1354 | D:2      | Reached XP level 3. HP: 22/24 MP: 1/6
  2182 | D:3      | Reached XP level 4. HP: 28/30 MP: 2/7
  2237 | D:3      | Noticed a scorpion
  2296 | D:3      | Learned a level 3 spell: Vampiric Draining
  2332 | D:3      | Killed a scorpion
  2333 | D:3      | Reached skill level 5 in Necromancy
  2333 | D:3      | Gained mutation: Your demonic aura sometimes causes spilled
                  | blood to erupt in flames. [demonic ancestry]
  2333 | D:3      | Reached XP level 5. HP: 27/35 MP: 1/9
  3326 | D:3      | HP: 1/35 [poisoned by an adder]
  3326 | D:3      | Slain by an adder

Illustrated notes

Levels and vault maps discovered:
D:1:      minmay_arrival_three_doors, layout_loops_corners,
          hellmonk_ecumenical_altar_inner_sanctum, serial_glass,
          glass_columns_b, glass_columns_a, glass_columns_b, glass_columns_a,
          glass_columns_a, glass_columns_a, glass_columns_a, glass_columns_a,
          nrook_loot_triangle, lemuel_flame_loot_1
D:2:      layout_basic
D:3:      layout_basic, minmay_misc_feat_secret_circle,
          minmay_misc_feat_columns, hangedman_decor_lopped, nicolae_half_adder

Skill      XL: |  1  2  3  4  5 |
---------------+----------------+-----
Stealth        | 2 3 |  3.1
Dodging        | 2 3 |  3.0
Necromancy     | 5 |  5.2
Spellcasting   | 3 |  3.1

Action                     |  1- 3 |  4- 6 || total
---------------------------+-------+-------++-------
  Melee: Rapier            |     2 |     7 ||     9
         Tailslap          |       |     2 ||     2
   Cast: Necrotise         |    69 |    33 ||   102
         Vampiric Draining |       |     1 ||     1
    Use: Potion            |       |     1 ||     1
 Armour: Robe              |     2 |     4 ||     6
  Dodge: Dodged            |    10 |    18 ||    28
  Block: Other             |     2 |     3 ||     5
